[ AOE2 MATCH · #474055354 ]
UnrankedBritons vs Mongols
[ REPLAY ANALYSIS · EXTRACTED FROM THE RECORDED GAME ]
Feudal
10:58
Castle
22:26
Imperial
34:03
| APM avg | 28.8 |
| APM peak | 79 |
| eAPM avg | 21.7 |
| Villagers / military | 98 / 13 |
Focus
⚔️ 25.3% · 🌾 74.7%
Fishing Ship ×20 · Longbowman ×13 · Unknown (2626) ×2
Feudal
—
Castle
—
Imperial
—
| APM avg | 36.4 |
| APM peak | 62 |
| eAPM avg | 20.2 |
| Villagers / military | 151 / 46 |
Focus
⚔️ 25.3% · 🌾 74.7%
Mangonel ×33 · Archer ×4 · Militia ×4 · Monk ×2 · Trebuchet (Packed) ×2 · Battering Ram ×1
Feudal
11:28
Castle
15:00
Imperial
29:07
| APM avg | 29.0 |
| APM peak | 64 |
| eAPM avg | 17.5 |
| Villagers / military | 152 / 109 |
Focus
⚔️ 26.3% · 🌾 73.7%
Spearman ×59 · Organ Gun ×28 · Trade Cart ×14 · Mangonel ×7 · Fishing Ship ×7 · Monk ×6
Feudal
11:50
Castle
15:45
Imperial
30:22
| APM avg | 26.2 |
| APM peak | 50 |
| eAPM avg | 18.9 |
| Villagers / military | 163 / 180 |
Focus
⚔️ 23.0% · 🌾 77.0%
Woad Raider ×138 · Scorpion ×25 · Battering Ram ×10 · Mangonel ×4 · Trebuchet (Packed) ×3
Feudal
10:44
Castle
15:11
Imperial
29:06
| APM avg | 34.8 |
| APM peak | 62 |
| eAPM avg | 20.6 |
| Villagers / military | 149 / 105 |
Focus
⚔️ 24.9% · 🌾 75.1%
Coustillier ×88 · Hand Cannoneer ×10 · Trade Cart ×9 · Trebuchet (Packed) ×4 · Mangonel ×2 · Monk ×1
Feudal
10:46
Castle
16:28
Imperial
31:21
| APM avg | 34.4 |
| APM peak | 72 |
| eAPM avg | 24.0 |
| Villagers / military | 164 / 60 |
Focus
⚔️ 16.3% · 🌾 83.7%
War Elephant ×46 · Fishing Ship ×17 · Mangonel ×11 · Bombard Cannon ×2 · Monk ×1
Feudal
12:13
Castle
21:21
Imperial
35:18
| APM avg | 39.6 |
| APM peak | 70 |
| eAPM avg | 28.1 |
| Villagers / military | 110 / 48 |
Focus
⚔️ 29.3% · 🌾 70.7%
Spearman ×28 · Monk ×8 · Knight ×6 · Mangonel ×6 · Fishing Ship ×3
Feudal
9:05
Castle
30:34
Imperial
39:58
| APM avg | 32.6 |
| APM peak | 56 |
| eAPM avg | 22.9 |
| Villagers / military | 152 / 15 |
Focus
⚔️ 23.8% · 🌾 76.2%
Militia ×15 · Fishing Ship ×9
Match map
Initial resources + every placement click. Lines = walls · curves = elevation contours. ◆ gold · ⬟ stone · ● berries · ✦ relic · ◌ wall gap
Your base· ✓ Closed at 22:26 · 81t walls · 1 gate(s)
Player59701729's base· ✓ Closed at 14:48 · 20t walls · no gate
T-1000's base· Open — opponent sealed themselves in
L_Clan_TyRanT_Zukkutun's base· ✓ Closed at 15:45 · 0t walls · fragile
tukoo's base· ✓ Closed at 15:11 · 0t walls · no gate
Idonttalk's base· ✓ Closed at 16:28 · 0t walls · 1 gate(s) · fragile
Ren's base· Open — opponent sealed themselves in
Simplemente Amate's base· ✓ Closed at 30:34 · 25t walls · no gate
Smoothed initial terrain · ◌ = detected wall gap · hover for details
Inputs per minute
— Tiekel - - Player59701729
Build order — Tiekel
First 150 of 274 actions detected
| 0:03 | Create | Villager (Male) |
| 0:03 | Create | Villager (Male) |
| 0:04 | Create | Villager (Male) |
| 0:07 | Build | House |
| 0:08 | Build | House |
| 0:08 | Build | House |
| 0:20 | Create | Villager (Male) |
| 0:20 | Create | Villager (Male) |
| 0:20 | Create | Villager (Male) |
| 0:51 | Research | Loom |
| 0:51 | Research | Loom |
| 0:52 | Create | Villager (Male) |
| 0:52 | Create | Villager (Male) |
| 1:33 | Create | Villager (Male) |
| 1:50 | Build | Palisade Wall |
| 2:16 | Create | Villager (Male) |
| 2:16 | Create | Villager (Male) |
| 2:39 | Build | Palisade Wall |
| 2:48 | Create | Villager (Male) |
| 2:48 | Create | Villager (Male) |
| 2:59 | Build | Mill |
| 3:08 | Create | Villager (Male) |
| 3:08 | Create | Villager (Male) |
| 3:19 | Build | Palisade Wall |
| 3:33 | Create | Villager (Male) |
| 3:33 | Create | Villager (Male) |
| 4:05 | Create | Villager (Male) |
| 4:05 | Create | Villager (Male) |
| 4:21 | Create | Villager (Male) |
| 4:21 | Create | Villager (Male) |
| 4:38 | Build | Palisade Wall |
| 4:51 | Build | House |
| 4:54 | Create | Villager (Male) |
| 5:16 | Build | Palisade Wall |
| 5:29 | Create | Villager (Male) |
| 5:29 | Create | Villager (Male) |
| 5:50 | Create | Villager (Male) |
| 5:50 | Create | Villager (Male) |
| 5:54 | Build | Lumber Camp |
| 6:15 | Create | Villager (Male) |
| 6:15 | Create | Villager (Male) |
| 6:35 | Build | House |
| 6:36 | Create | Villager (Male) |
| 6:39 | Build | Palisade Wall |
| 6:40 | Build | Palisade Wall |
| 6:53 | Create | Villager (Male) |
| 7:27 | Create | Villager (Male) |
| 8:10 | Create | Villager (Male) |
| 8:38 | Build | Palisade Wall |
| 8:40 | Build | Palisade Wall |
| 8:48 | Research | Feudal Age |
| 9:38 | Build | Palisade Gate |
| 9:39 | Build | House |
| 9:42 | Build | House |
| 9:49 | Build | Palisade Wall |
| 9:52 | Build | Palisade Wall |
| 10:11 | Build | Mining Camp |
| 10:28 | Create | Villager (Male) |
| 10:28 | Create | Villager (Male) |
| 10:33 | Build | House |
| 10:43 | Build | House |
| 10:58 | Age | Feudal Age |
| 11:08 | Build | Watch Tower |
| 11:24 | Build | Stone Wall |
| 11:25 | Create | Villager (Male) |
| 11:49 | Build | House |
| 11:56 | Create | Villager (Male) |
| 12:13 | Build | House |
| 12:15 | Build | Farm |
| 12:22 | Build | Dock |
| 12:24 | Create | Villager (Male) |
| 12:34 | Build | Stone Wall |
| 12:43 | Build | Stone Wall |
| 12:45 | Build | Stone Wall |
| 13:18 | Build | Mill |
| 13:21 | Create | Fishing Ship |
| 13:21 | Create | Fishing Ship |
| 13:45 | Create | Villager (Male) |
| 13:45 | Create | Villager (Male) |
| 14:15 | Build | Farm |
| 14:20 | Create | Villager (Male) |
| 14:21 | Create | Fishing Ship |
| 14:27 | Create | Villager (Male) |
| 14:48 | Build | Mining Camp |
| 14:51 | Create | Villager (Male) |
| 14:59 | Create | Fishing Ship |
| 15:19 | Create | Villager (Male) |
| 15:28 | Build | Stone Wall |
| 15:36 | Build | Stone Wall |
| 15:47 | Create | Villager (Male) |
| 16:12 | Build | Watch Tower |
| 16:18 | Create | Villager (Male) |
| 16:20 | Build | Blacksmith |
| 16:26 | Create | Fishing Ship |
| 16:29 | Create | Fishing Ship |
| 16:34 | Create | Villager (Male) |
| 16:44 | Build | House |
| 17:08 | Create | Villager (Male) |
| 17:17 | Build | Lumber Camp |
| 17:48 | Build | Market |
| 17:51 | Research | Town Watch |
| 17:54 | Build | Farm |
| 18:21 | Build | Stone Wall |
| 18:28 | Build | Stone Wall |
| 19:29 | Build | Stone Wall |
| 19:35 | Build | Stone Wall |
| 19:46 | Research | Castle Age |
| 20:08 | Build | Fish Trap |
| 20:10 | Build | Fish Trap |
| 20:11 | Create | Fishing Ship |
| 20:14 | Research | Double-Bit Axe |
| 20:35 | Build | House |
| 20:37 | Build | House |
| 21:08 | Build | House |
| 21:09 | Build | House |
| 21:11 | Build | House |
| 21:14 | Build | Fish Trap |
| 21:17 | Build | Fish Trap |
| 21:22 | Research | Tech 906 |
| 21:22 | Research | Tech 906 |
| 21:40 | Build | House |
| 21:45 | Build | Fish Trap |
| 22:03 | Research | Stone Mining |
| 22:08 | Research | Fletching |
| 22:26 | Age | Castle Age |
| 22:32 | Create | Villager (Male) |
| 22:41 | Build | Town Center |
| 22:51 | Create | Villager (Male) |
| 22:56 | Create | Fishing Ship |
| 23:10 | Build | Dock |
| 23:13 | Create | Villager (Male) |
| 23:51 | Build | Castle |
| 23:54 | Create | Villager (Male) |
| 24:00 | Create | Villager (Male) |
| 24:02 | Create | Fishing Ship |
| 24:03 | Create | Fishing Ship |
| 24:07 | Build | Fish Trap |
| 24:11 | Create | Villager (Male) |
| 24:17 | Create | Villager (Male) |
| 24:30 | Build | Farm |
| 24:44 | Create | Villager (Male) |
| 24:54 | Create | Fishing Ship |
| 24:55 | Build | Fish Trap |
| 24:58 | Build | Fish Trap |
| 25:02 | Create | Villager (Male) |
| 25:08 | Create | Villager (Male) |
| 25:19 | Create | Longbowman |
| 25:19 | Create | Longbowman |
| 25:27 | Create | Villager (Male) |
| 25:27 | Create | Villager (Male) |
Build order — Player59701729
First 150 of 331 actions detected
| 0:01 | Create | Villager (Male) |
| 0:02 | Create | Villager (Male) |
| 0:02 | Create | Villager (Male) |
| 0:02 | Build | House |
| 0:03 | Build | House |
| 0:22 | Create | Villager (Male) |
| 0:22 | Create | Villager (Male) |
| 1:33 | Create | Villager (Male) |
| 1:33 | Create | Villager (Male) |
| 2:07 | Create | Villager (Male) |
| 2:07 | Create | Villager (Male) |
| 2:07 | Create | Villager (Male) |
| 2:15 | Build | Lumber Camp |
| 2:16 | Create | Villager (Male) |
| 2:16 | Create | Villager (Male) |
| 2:47 | Create | Villager (Male) |
| 2:47 | Create | Villager (Male) |
| 2:47 | Create | Villager (Male) |
| 2:47 | Create | Villager (Male) |
| 3:14 | Create | Villager (Male) |
| 3:14 | Create | Villager (Male) |
| 3:21 | Create | Villager (Male) |
| 3:21 | Create | Villager (Male) |
| 3:30 | Build | House |
| 3:56 | Create | Villager (Male) |
| 3:56 | Create | Villager (Male) |
| 4:19 | Create | Villager (Male) |
| 4:19 | Create | Villager (Male) |
| 4:19 | Create | Villager (Male) |
| 4:19 | Create | Villager (Male) |
| 4:19 | Create | Villager (Male) |
| 5:19 | Build | Barracks |
| 5:24 | Create | Villager (Male) |
| 5:30 | Create | Villager (Male) |
| 6:15 | Research | Feudal Age |
| 6:35 | Build | Mining Camp |
| 6:41 | Build | House |
| 6:42 | Create | Militia |
| 7:05 | Create | Militia |
| 7:14 | Build | House |
| 7:21 | Create | Militia |
| 7:36 | Create | Militia |
| 7:38 | Create | Villager (Male) |
| 8:30 | Research | Man-at-Arms (upgrade) |
| 8:31 | Build | Archery Range |
| 8:39 | Research | Double-Bit Axe |
| 8:48 | Create | Villager (Male) |
| 9:13 | Create | Archer |
| 9:14 | Create | Archer |
| 9:15 | Create | Villager (Male) |
| 9:22 | Build | House |
| 9:30 | Create | Villager (Male) |
| 9:45 | Create | Villager (Male) |
| 10:07 | Create | Villager (Male) |
| 10:10 | Build | Blacksmith |
| 10:25 | Create | Archer |
| 10:29 | Build | House |
| 10:31 | Create | Villager (Male) |
| 10:56 | Create | Archer |
| 10:59 | Research | Fletching |
| 11:00 | Research | Fletching |
| 11:01 | Build | House |
| 11:07 | Create | Villager (Male) |
| 11:28 | Create | Villager (Male) |
| 11:31 | Build | Mill |
| 11:49 | Create | Villager (Male) |
| 11:52 | Build | House |
| 12:43 | Build | Palisade Wall |
| 12:44 | Create | Villager (Male) |
| 12:52 | Build | Mining Camp |
| 12:56 | Create | Villager (Male) |
| 13:16 | Build | Market |
| 13:26 | Create | Villager (Male) |
| 13:48 | Build | Palisade Wall |
| 13:52 | Create | Villager (Male) |
| 14:48 | Research | Castle Age |
| 15:05 | Build | Lumber Camp |
| 15:30 | Build | House |
| 15:55 | Research | Horse Collar |
| 16:16 | Research | Gold Mining |
| 16:19 | Build | House |
| 17:02 | Research | Loom |
| 17:30 | Build | Siege Workshop |
| 17:35 | Build | Siege Workshop |
| 17:44 | Research | Bow Saw |
| 17:51 | Create | Villager (Male) |
| 18:02 | Create | Mangonel |
| 18:22 | Create | Mangonel |
| 18:35 | Create | Villager (Male) |
| 18:38 | Build | Farm |
| 18:40 | Build | Farm |
| 18:40 | Build | Farm |
| 18:40 | Build | Farm |
| 18:40 | Build | Farm |
| 18:52 | Build | Farm |
| 18:54 | Build | Farm |
| 19:01 | Create | Villager (Male) |
| 19:02 | Create | Villager (Male) |
| 19:04 | Build | Farm |
| 19:13 | Build | Farm |
| 19:29 | Build | Monastery |
| 19:36 | Build | Farm |
| 19:39 | Build | Farm |
| 19:42 | Create | Villager (Male) |
| 19:57 | Create | Villager (Male) |
| 20:14 | Build | Farm |
| 20:16 | Create | Monk |
| 20:16 | Create | Monk |
| 20:22 | Create | Mangonel |
| 20:35 | Build | House |
| 20:41 | Create | Villager (Male) |
| 20:57 | Create | Battering Ram |
| 21:06 | Create | Villager (Male) |
| 21:10 | Build | Farm |
| 21:18 | Create | Villager (Male) |
| 21:33 | Create | Mangonel |
| 21:35 | Create | Villager (Male) |
| 21:35 | Create | Villager (Male) |
| 22:18 | Research | Heavy Plow |
| 22:49 | Create | Villager (Male) |
| 22:51 | Build | Town Center |
| 23:07 | Create | Villager (Male) |
| 23:07 | Create | Villager (Male) |
| 23:29 | Build | Town Center |
| 23:45 | Create | Villager (Male) |
| 24:14 | Create | Villager (Male) |
| 24:15 | Create | Villager (Male) |
| 24:26 | Create | Villager (Male) |
| 24:36 | Create | Villager (Male) |
| 24:42 | Build | Town Center |
| 24:49 | Build | Mill |
| 24:50 | Build | Farm |
| 24:50 | Build | Farm |
| 24:50 | Build | Farm |
| 24:50 | Build | Farm |
| 24:51 | Build | Farm |
| 24:51 | Build | Farm |
| 24:51 | Build | Farm |
| 24:51 | Build | Farm |
| 24:56 | Create | Villager (Male) |
| 24:56 | Create | Villager (Male) |
| 25:00 | Build | House |
| 25:05 | Create | Villager (Male) |
| 25:24 | Build | Farm |
| 25:25 | Build | Farm |
| 25:26 | Create | Villager (Male) |
| 25:26 | Create | Villager (Male) |
| 25:26 | Create | Villager (Male) |
| 25:31 | Build | Farm |
| 25:39 | Create | Villager (Male) |
Build order — T-1000
First 150 of 319 actions detected
| 0:01 | Create | Villager (Male) |
| 0:02 | Create | Villager (Male) |
| 0:03 | Build | House |
| 0:04 | Build | House |
| 0:28 | Create | Villager (Male) |
| 0:28 | Create | Villager (Male) |
| 1:28 | Create | Villager (Male) |
| 1:28 | Create | Villager (Male) |
| 1:44 | Build | Lumber Camp |
| 1:59 | Create | Villager (Male) |
| 2:16 | Create | Villager (Male) |
| 2:34 | Create | Villager (Male) |
| 2:34 | Create | Villager (Male) |
| 3:18 | Create | Villager (Male) |
| 3:18 | Create | Villager (Male) |
| 3:36 | Create | Villager (Male) |
| 3:49 | Build | House |
| 3:55 | Create | Villager (Male) |
| 3:55 | Create | Villager (Male) |
| 4:28 | Build | Dock |
| 4:33 | Create | Villager (Male) |
| 4:47 | Create | Villager (Male) |
| 5:06 | Build | House |
| 5:17 | Create | Villager (Male) |
| 5:23 | Create | Fishing Ship |
| 5:34 | Create | Villager (Male) |
| 5:49 | Create | Villager (Male) |
| 5:53 | Create | Fishing Ship |
| 6:19 | Create | Villager (Male) |
| 6:25 | Create | Villager (Male) |
| 6:28 | Build | House |
| 6:29 | Create | Villager (Male) |
| 6:53 | Create | Fishing Ship |
| 7:17 | Create | Villager (Male) |
| 7:34 | Create | Villager (Male) |
| 8:05 | Create | Fishing Ship |
| 8:14 | Build | House |
| 8:48 | Create | Villager (Male) |
| 8:52 | Build | Mining Camp |
| 9:18 | Research | Feudal Age |
| 9:24 | Build | Mill |
| 9:34 | Build | Mill |
| 11:24 | Create | Villager (Male) |
| 11:25 | Create | Villager (Male) |
| 11:28 | Age | Feudal Age |
| 11:30 | Build | Market |
| 11:36 | Build | Blacksmith |
| 12:20 | Research | Castle Age |
| 12:44 | Research | Double-Bit Axe |
| 13:17 | Build | Lumber Camp |
| 13:21 | Build | House |
| 13:45 | Build | House |
| 13:59 | Build | Fish Trap |
| 14:03 | Create | Villager (Male) |
| 14:22 | Create | Villager (Male) |
| 14:33 | Build | Fish Trap |
| 15:00 | Age | Castle Age |
| 15:03 | Build | Town Center |
| 15:03 | Create | Villager (Male) |
| 15:08 | Research | Bow Saw |
| 15:10 | Create | Villager (Male) |
| 15:15 | Build | Town Center |
| 15:16 | Create | Villager (Male) |
| 15:23 | Create | Villager (Male) |
| 15:30 | Create | Villager (Male) |
| 15:34 | Build | Fish Trap |
| 15:41 | Build | Fish Trap |
| 15:49 | Create | Villager (Male) |
| 16:10 | Create | Fishing Ship |
| 16:31 | Create | Villager (Male) |
| 16:35 | Build | Lumber Camp |
| 16:42 | Create | Villager (Male) |
| 16:48 | Create | Villager (Male) |
| 16:51 | Create | Fishing Ship |
| 16:55 | Build | Fish Trap |
| 16:57 | Research | Horse Collar |
| 16:58 | Create | Villager (Male) |
| 17:02 | Build | Farm |
| 17:04 | Build | Farm |
| 17:06 | Build | Farm |
| 17:10 | Build | Farm |
| 17:14 | Create | Villager (Male) |
| 17:15 | Create | Villager (Male) |
| 17:15 | Create | Villager (Male) |
| 17:15 | Create | Villager (Male) |
| 17:16 | Create | Villager (Male) |
| 17:16 | Create | Villager (Male) |
| 17:28 | Research | Heavy Plow |
| 17:28 | Create | Villager (Male) |
| 17:35 | Build | Fish Trap |
| 17:39 | Build | Farm |
| 17:41 | Build | Farm |
| 17:41 | Create | Villager (Male) |
| 17:41 | Create | Villager (Male) |
| 17:50 | Build | Farm |
| 17:57 | Create | Villager (Male) |
| 17:59 | Create | Villager (Male) |
| 18:01 | Research | Loom |
| 18:32 | Create | Villager (Male) |
| 18:39 | Build | House |
| 18:40 | Create | Villager (Male) |
| 18:43 | Build | Farm |
| 18:44 | Build | Farm |
| 18:44 | Create | Villager (Male) |
| 18:47 | Build | Farm |
| 18:48 | Create | Villager (Male) |
| 18:51 | Create | Villager (Male) |
| 19:04 | Build | Siege Workshop |
| 19:05 | Create | Villager (Male) |
| 19:08 | Build | Farm |
| 19:09 | Create | Fishing Ship |
| 19:16 | Build | House |
| 19:17 | Build | House |
| 19:19 | Build | Farm |
| 19:20 | Create | Villager (Male) |
| 19:35 | Create | Villager (Male) |
| 19:39 | Build | Farm |
| 19:41 | Build | Farm |
| 19:43 | Build | Farm |
| 19:44 | Create | Mangonel |
| 19:52 | Build | Monastery |
| 19:54 | Create | Villager (Male) |
| 19:56 | Build | Farm |
| 19:57 | Create | Villager (Male) |
| 19:57 | Create | Villager (Male) |
| 20:03 | Build | Fish Trap |
| 20:06 | Create | Villager (Male) ×5 |
| 20:21 | Build | House |
| 20:28 | Create | Mangonel |
| 20:30 | Create | Villager (Male) |
| 20:34 | Create | Villager (Male) |
| 20:41 | Create | Monk |
| 20:48 | Build | House |
| 20:50 | Build | House |
| 20:51 | Create | Villager (Male) |
| 20:55 | Build | Farm |
| 20:55 | Build | Farm |
| 20:55 | Build | Farm |
| 20:55 | Build | Farm |
| 20:56 | Build | Farm |
| 21:00 | Build | House |
| 21:01 | Create | Villager (Male) |
| 21:08 | Create | Villager (Male) |
| 21:10 | Create | Villager (Male) |
| 21:10 | Create | Villager (Male) |
| 21:10 | Create | Villager (Male) |
| 21:31 | Create | Villager (Male) |
| 21:33 | Build | Farm |
| 21:36 | Build | House |
| 21:39 | Create | Villager (Male) |
Build order — L_Clan_TyRanT_Zukkutun
First 150 of 414 actions detected
| 0:00 | Create | Villager (Male) |
| 0:01 | Create | Villager (Male) |
| 0:01 | Create | Villager (Male) |
| 0:02 | Build | House |
| 0:05 | Build | House |
| 0:07 | Build | House |
| 0:25 | Create | Villager (Male) |
| 1:31 | Create | Villager (Male) |
| 1:47 | Build | Lumber Camp |
| 2:08 | Create | Villager (Male) |
| 2:21 | Create | Villager (Male) |
| 3:00 | Create | Villager (Male) |
| 3:22 | Create | Villager (Male) |
| 3:22 | Create | Villager (Male) |
| 3:43 | Create | Villager (Male) |
| 3:43 | Create | Villager (Male) |
| 4:03 | Create | Villager (Male) |
| 4:26 | Create | Villager (Male) |
| 4:43 | Build | Mill |
| 4:51 | Research | Loom |
| 4:59 | Create | Villager (Male) |
| 4:59 | Create | Villager (Male) |
| 5:00 | Create | Villager (Male) |
| 5:20 | Build | House |
| 5:24 | Build | House |
| 6:03 | Create | Villager (Male) |
| 6:04 | Create | Villager (Male) |
| 6:04 | Create | Villager (Male) |
| 6:04 | Create | Villager (Male) |
| 7:17 | Create | Villager (Male) |
| 7:48 | Create | Villager (Male) |
| 8:00 | Build | Mining Camp |
| 8:30 | Create | Villager (Male) |
| 8:52 | Create | Villager (Male) |
| 8:52 | Create | Villager (Male) |
| 8:52 | Create | Villager (Male) |
| 8:53 | Create | Villager (Male) |
| 9:19 | Research | Feudal Age |
| 9:43 | Build | Mill |
| 10:54 | Create | Villager (Male) |
| 10:54 | Create | Villager (Male) |
| 11:44 | Create | Villager (Male) |
| 11:45 | Create | Villager (Male) |
| 11:50 | Age | Feudal Age |
| 12:00 | Build | Market |
| 12:06 | Build | Blacksmith |
| 12:37 | Research | Double-Bit Axe |
| 12:37 | Research | Horse Collar |
| 13:01 | Research | Castle Age |
| 13:32 | Build | Farm |
| 13:35 | Build | Farm |
| 13:43 | Build | Farm |
| 13:53 | Build | House |
| 13:54 | Build | House |
| 13:55 | Build | House |
| 14:04 | Create | Villager (Male) |
| 14:04 | Create | Villager (Male) |
| 15:09 | Build | House |
| 15:11 | Build | House |
| 15:45 | Age | Castle Age |
| 15:47 | Build | Town Center |
| 15:50 | Build | Town Center |
| 15:59 | Create | Villager (Male) |
| 16:22 | Build | Town Center |
| 16:31 | Research | Bow Saw |
| 16:36 | Create | Villager (Male) |
| 16:36 | Create | Villager (Male) |
| 17:01 | Create | Villager (Male) |
| 17:01 | Create | Villager (Male) |
| 17:03 | Create | Villager (Male) |
| 17:13 | Create | Villager (Male) |
| 17:16 | Build | Farm |
| 17:17 | Build | Farm |
| 17:18 | Build | Farm |
| 17:25 | Build | Farm |
| 17:29 | Research | Wheelbarrow |
| 17:35 | Build | Farm |
| 17:37 | Create | Villager (Male) |
| 17:46 | Create | Villager (Male) |
| 17:57 | Build | Lumber Camp |
| 18:21 | Create | Villager (Male) |
| 18:25 | Build | Farm |
| 18:28 | Create | Villager (Male) |
| 18:28 | Create | Villager (Male) |
| 18:29 | Create | Villager (Male) |
| 18:29 | Create | Villager (Male) |
| 18:36 | Create | Villager (Male) |
| 18:43 | Build | Town Center |
| 18:50 | Build | Farm |
| 18:54 | Build | Farm |
| 19:03 | Build | Farm |
| 19:03 | Create | Villager (Male) |
| 19:09 | Build | Farm |
| 19:11 | Build | Farm |
| 19:13 | Build | Farm |
| 19:14 | Create | Villager (Male) |
| 19:19 | Build | Farm |
| 19:27 | Build | Farm |
| 19:30 | Build | Farm |
| 19:31 | Create | Villager (Male) |
| 19:38 | Create | Villager (Male) |
| 19:45 | Build | Farm |
| 19:49 | Build | Farm |
| 19:52 | Build | Farm |
| 19:52 | Create | Villager (Male) |
| 19:55 | Build | Farm |
| 20:01 | Build | Farm |
| 20:02 | Create | Villager (Male) |
| 20:02 | Create | Villager (Male) |
| 20:08 | Create | Villager (Male) |
| 20:12 | Create | Villager (Male) |
| 20:15 | Build | Farm |
| 20:21 | Build | Farm |
| 20:21 | Create | Villager (Male) |
| 20:34 | Create | Villager (Male) |
| 20:50 | Build | Siege Workshop |
| 20:54 | Create | Villager (Male) |
| 20:55 | Create | Villager (Male) |
| 21:12 | Create | Villager (Male) |
| 21:13 | Create | Villager (Male) |
| 21:14 | Create | Villager (Male) |
| 21:15 | Create | Villager (Male) |
| 21:16 | Create | Villager (Male) |
| 21:19 | Research | Gold Mining |
| 21:26 | Create | Villager (Male) |
| 21:29 | Build | Farm |
| 21:39 | Build | Farm |
| 21:40 | Create | Villager (Male) |
| 21:41 | Create | Villager (Male) |
| 21:41 | Create | Villager (Male) |
| 21:42 | Build | Farm |
| 21:44 | Build | Farm |
| 21:49 | Build | Farm |
| 21:52 | Build | Farm |
| 21:52 | Create | Villager (Male) |
| 21:52 | Create | Villager (Male) |
| 21:57 | Create | Mangonel |
| 21:59 | Build | House |
| 22:02 | Build | House |
| 22:07 | Build | House |
| 22:17 | Build | Siege Workshop |
| 22:20 | Create | Mangonel |
| 22:25 | Create | Villager (Male) |
| 22:25 | Create | Villager (Male) |
| 22:27 | Create | Villager (Male) |
| 22:28 | Create | Villager (Male) |
| 22:31 | Create | Villager (Male) |
| 22:31 | Create | Villager (Male) |
| 22:33 | Create | Villager (Male) |
| 22:35 | Create | Villager (Male) |
Build order — tukoo
First 150 of 413 actions detected
| 0:04 | Build | House |
| 0:05 | Build | House |
| 0:14 | Create | Villager (Male) |
| 0:14 | Create | Villager (Male) |
| 0:15 | Create | Villager (Male) |
| 0:16 | Create | Villager (Male) |
| 1:38 | Create | Villager (Male) |
| 1:41 | Build | House |
| 2:14 | Research | Loom |
| 2:14 | Create | Villager (Male) |
| 2:26 | Build | Lumber Camp |
| 2:31 | Create | Villager (Male) |
| 3:04 | Create | Villager (Male) |
| 3:04 | Create | Villager (Male) |
| 3:27 | Create | Villager (Male) |
| 3:27 | Create | Villager (Male) |
| 3:39 | Build | House |
| 3:54 | Create | Villager (Male) |
| 4:17 | Create | Villager (Male) |
| 4:46 | Create | Villager (Male) |
| 5:15 | Create | Villager (Male) |
| 5:48 | Create | Villager (Male) |
| 6:27 | Create | Villager (Male) |
| 6:32 | Research | Double-Bit Axe |
| 6:48 | Build | Mill |
| 6:51 | Create | Villager (Male) |
| 7:05 | Build | House |
| 7:11 | Create | Villager (Male) |
| 7:29 | Create | Villager (Male) |
| 7:44 | Create | Villager (Male) |
| 8:20 | Build | Mining Camp |
| 8:24 | Research | Feudal Age |
| 9:06 | Create | Villager (Male) |
| 10:07 | Create | Villager (Male) |
| 10:44 | Age | Feudal Age |
| 10:47 | Build | Market |
| 10:50 | Build | Blacksmith |
| 11:12 | Create | Villager (Male) |
| 11:36 | Create | Villager (Male) |
| 12:09 | Build | Barracks |
| 12:31 | Research | Castle Age |
| 12:31 | Research | Castle Age |
| 13:20 | Research | Bow Saw |
| 13:22 | Research | Horse Collar |
| 13:32 | Build | House |
| 14:41 | Research | Wheelbarrow |
| 15:11 | Age | Castle Age |
| 15:17 | Create | Villager (Male) |
| 15:27 | Build | Town Center |
| 15:29 | Create | Villager (Male) |
| 16:21 | Build | Town Center |
| 16:30 | Create | Villager (Male) |
| 16:36 | Research | Heavy Plow |
| 16:48 | Create | Villager (Male) |
| 16:56 | Create | Villager (Male) |
| 17:00 | Build | Farm |
| 17:01 | Create | Villager (Male) |
| 17:04 | Create | Villager (Male) |
| 17:05 | Create | Villager (Male) |
| 17:10 | Build | Farm |
| 17:25 | Build | Monastery |
| 17:31 | Build | Farm |
| 17:41 | Build | Farm |
| 17:48 | Create | Villager (Male) |
| 17:52 | Build | Farm |
| 18:05 | Create | Villager (Male) |
| 18:08 | Build | Farm |
| 18:10 | Create | Monk |
| 18:14 | Build | Farm |
| 18:15 | Build | Farm |
| 18:17 | Create | Villager (Male) |
| 18:19 | Create | Villager (Male) |
| 18:37 | Build | Farm |
| 18:40 | Build | Farm |
| 18:43 | Create | Villager (Male) |
| 18:47 | Build | Farm |
| 19:05 | Build | Town Center |
| 19:06 | Create | Villager (Male) |
| 19:11 | Build | Farm |
| 19:20 | Build | House |
| 19:22 | Create | Villager (Male) |
| 19:36 | Build | Farm |
| 19:36 | Create | Villager (Male) |
| 19:48 | Build | Farm |
| 19:50 | Build | Farm |
| 19:54 | Create | Villager (Male) |
| 19:58 | Build | House |
| 19:59 | Build | House |
| 20:02 | Build | Farm |
| 20:03 | Create | Villager (Male) |
| 20:07 | Create | Villager (Male) |
| 20:09 | Build | Farm |
| 20:15 | Create | Villager (Male) |
| 20:28 | Build | Farm |
| 20:29 | Create | Villager (Male) |
| 20:34 | Build | House |
| 20:35 | Create | Villager (Male) |
| 20:41 | Create | Villager (Male) |
| 20:47 | Create | Villager (Male) |
| 20:54 | Build | Farm |
| 21:02 | Create | Villager (Male) |
| 21:07 | Create | Villager (Male) |
| 21:10 | Create | Villager (Male) |
| 21:13 | Build | Farm |
| 21:14 | Build | Farm |
| 21:16 | Build | Farm |
| 21:19 | Create | Villager (Male) |
| 21:22 | Build | Farm |
| 21:26 | Build | Town Center |
| 21:27 | Create | Villager (Male) |
| 21:31 | Build | House |
| 21:32 | Build | House |
| 21:35 | Create | Villager (Male) |
| 21:36 | Create | Villager (Male) |
| 21:39 | Build | Farm |
| 21:43 | Create | Villager (Male) |
| 21:50 | Create | Villager (Male) |
| 21:51 | Create | Villager (Male) |
| 21:58 | Create | Villager (Male) |
| 22:02 | Build | Farm |
| 22:04 | Create | Villager (Male) |
| 22:09 | Create | Villager (Male) |
| 22:12 | Build | Farm |
| 22:23 | Research | Gold Mining |
| 22:24 | Research | Gold Mining |
| 22:25 | Create | Villager (Male) |
| 22:27 | Build | Farm |
| 22:43 | Create | Villager (Male) |
| 22:45 | Create | Villager (Male) |
| 22:48 | Build | Farm |
| 22:49 | Create | Villager (Male) |
| 22:52 | Build | Farm |
| 22:53 | Create | Villager (Male) |
| 22:56 | Build | House |
| 22:57 | Build | House |
| 23:01 | Build | Farm |
| 23:05 | Research | Hand Cart |
| 23:08 | Create | Villager (Male) |
| 23:10 | Create | Villager (Male) |
| 23:19 | Create | Villager (Male) |
| 23:20 | Create | Villager (Male) |
| 23:24 | Build | Farm |
| 23:29 | Create | Villager (Male) |
| 23:30 | Create | Villager (Male) |
| 23:35 | Build | Stable |
| 23:41 | Build | University |
| 23:42 | Create | Villager (Male) |
| 23:44 | Build | Farm |
| 23:45 | Create | Villager (Male) |
| 23:46 | Create | Villager (Male) |
Build order — Idonttalk
First 150 of 409 actions detected
| 0:00 | Create | Villager (Male) |
| 0:01 | Create | Villager (Male) |
| 0:01 | Create | Villager (Male) |
| 0:02 | Create | Villager (Male) |
| 0:04 | Build | House |
| 0:05 | Build | House |
| 0:29 | Build | Lumber Camp |
| 0:38 | Create | Villager (Male) |
| 1:22 | Build | House |
| 1:22 | Build | House |
| 1:54 | Create | Villager (Male) |
| 2:17 | Create | Villager (Male) |
| 2:39 | Create | Villager (Male) |
| 3:02 | Create | Villager (Male) |
| 3:25 | Create | Villager (Male) |
| 3:26 | Create | Villager (Male) |
| 3:40 | Build | Dock |
| 3:58 | Create | Villager (Male) |
| 3:58 | Create | Villager (Male) |
| 4:12 | Build | House |
| 4:22 | Create | Villager (Male) |
| 4:22 | Create | Villager (Male) |
| 4:51 | Create | Villager (Male) |
| 4:52 | Create | Villager (Male) |
| 4:59 | Create | Fishing Ship |
| 5:18 | Create | Villager (Male) |
| 5:18 | Create | Villager (Male) |
| 5:38 | Create | Fishing Ship |
| 5:44 | Create | Villager (Male) |
| 5:44 | Create | Villager (Male) |
| 6:21 | Create | Fishing Ship |
| 6:30 | Create | Villager (Male) |
| 6:31 | Create | Villager (Male) |
| 6:43 | Create | Fishing Ship |
| 6:56 | Create | Villager (Male) |
| 7:22 | Build | Lumber Camp |
| 7:38 | Create | Villager (Male) |
| 7:42 | Create | Fishing Ship |
| 8:02 | Create | Villager (Male) |
| 8:09 | Create | Fishing Ship |
| 8:13 | Build | House |
| 8:42 | Research | Feudal Age |
| 8:42 | Research | Feudal Age |
| 8:48 | Build | Mining Camp |
| 9:24 | Create | Villager (Male) |
| 9:35 | Build | House |
| 10:00 | Create | Villager (Male) |
| 10:17 | Build | Palisade Gate |
| 10:23 | Build | House |
| 10:30 | Build | House |
| 10:46 | Age | Feudal Age |
| 10:48 | Create | Villager (Male) |
| 10:53 | Build | Blacksmith |
| 10:55 | Build | Mill |
| 11:01 | Build | Fish Trap |
| 11:06 | Build | Fish Trap |
| 11:07 | Research | Tech 906 |
| 11:22 | Research | Loom |
| 11:37 | Build | Market |
| 11:40 | Create | Villager (Male) |
| 11:51 | Create | Villager (Male) |
| 12:15 | Create | Villager (Male) |
| 12:26 | Build | Fish Trap |
| 12:36 | Create | Villager (Male) |
| 13:13 | Build | House |
| 13:13 | Build | House |
| 13:14 | Build | House |
| 13:31 | Create | Villager (Male) |
| 13:47 | Build | Fish Trap |
| 13:49 | Build | Fish Trap |
| 13:51 | Build | Fish Trap |
| 14:02 | Research | Castle Age |
| 14:02 | Research | Castle Age |
| 14:40 | Build | House |
| 14:59 | Create | Fishing Ship |
| 15:12 | Build | Dock |
| 15:21 | Create | Villager (Male) |
| 15:26 | Research | Double-Bit Axe |
| 15:26 | Research | Double-Bit Axe |
| 15:38 | Build | Fish Trap |
| 15:41 | Create | Fishing Ship |
| 15:50 | Build | Dock |
| 15:59 | Build | House |
| 16:17 | Create | Villager (Male) |
| 16:28 | Age | Castle Age |
| 16:30 | Create | Villager (Male) |
| 16:36 | Build | Siege Workshop |
| 16:47 | Build | Siege Workshop |
| 16:55 | Build | Town Center |
| 17:11 | Research | Bow Saw |
| 17:11 | Research | Bow Saw |
| 17:12 | Create | Villager (Male) |
| 17:30 | Create | Mangonel |
| 17:31 | Create | Mangonel |
| 17:40 | Create | Mangonel |
| 17:40 | Create | Mangonel |
| 17:48 | Create | Villager (Male) |
| 17:56 | Create | Villager (Male) |
| 18:03 | Research | Gillnets |
| 18:03 | Research | Gillnets |
| 18:04 | Create | Fishing Ship |
| 18:31 | Create | Villager (Male) |
| 18:48 | Create | Mangonel |
| 18:48 | Create | Mangonel |
| 18:52 | Create | Villager (Male) |
| 18:56 | Create | Mangonel |
| 19:12 | Create | Villager (Male) |
| 19:13 | Create | Villager (Male) |
| 19:14 | Create | Villager (Male) |
| 19:18 | Create | Villager (Male) |
| 19:27 | Build | Fish Trap |
| 19:29 | Create | Fishing Ship |
| 19:29 | Create | Fishing Ship |
| 19:31 | Create | Villager (Male) |
| 19:31 | Create | Villager (Male) |
| 19:49 | Build | Fish Trap |
| 19:52 | Create | Villager (Male) |
| 19:52 | Create | Villager (Male) |
| 20:14 | Create | Villager (Male) |
| 20:15 | Create | Villager (Male) |
| 20:20 | Create | Mangonel |
| 20:20 | Create | Mangonel |
| 20:36 | Build | Fish Trap |
| 20:43 | Build | Fish Trap |
| 20:47 | Create | Villager (Male) |
| 20:47 | Create | Villager (Male) |
| 21:03 | Create | Villager (Male) |
| 21:04 | Create | Villager (Male) |
| 21:05 | Create | Villager (Male) |
| 21:13 | Build | Town Center |
| 21:26 | Create | Mangonel |
| 21:26 | Create | Mangonel |
| 21:30 | Create | Villager (Male) |
| 21:31 | Create | Villager (Male) |
| 21:35 | Build | House |
| 21:36 | Build | House |
| 21:37 | Build | House |
| 21:38 | Build | House |
| 22:51 | Create | Villager (Male) |
| 22:51 | Create | Villager (Male) |
| 22:52 | Create | Villager (Male) |
| 22:52 | Create | Villager (Male) |
| 22:53 | Create | Villager (Male) |
| 23:11 | Create | Villager (Male) |
| 23:11 | Create | Villager (Male) |
| 23:15 | Build | Lumber Camp |
| 23:19 | Build | House |
| 23:20 | Build | House |
| 23:26 | Create | Villager (Male) |
| 23:26 | Create | Villager (Male) |
Build order — Ren
First 150 of 396 actions detected
| 0:02 | Create | Villager (Male) |
| 0:02 | Create | Villager (Male) |
| 0:03 | Create | Villager (Male) |
| 0:04 | Build | House |
| 0:05 | Build | House |
| 0:27 | Create | Villager (Male) |
| 0:35 | Research | Loom |
| 0:39 | Create | Villager (Male) |
| 1:29 | Build | Palisade Wall |
| 1:34 | Create | Villager (Male) |
| 1:42 | Build | Palisade Wall |
| 2:17 | Create | Villager (Male) |
| 2:43 | Create | Villager (Male) |
| 2:57 | Build | Lumber Camp |
| 3:06 | Build | Palisade Wall |
| 3:11 | Create | Villager (Male) |
| 3:36 | Build | House |
| 3:42 | Create | Villager (Male) |
| 4:12 | Create | Villager (Male) |
| 4:13 | Create | Villager (Male) |
| 4:32 | Create | Villager (Male) |
| 5:01 | Build | Palisade Wall |
| 5:02 | Create | Villager (Male) |
| 5:10 | Build | House |
| 5:21 | Create | Villager (Male) |
| 5:21 | Create | Villager (Male) |
| 5:37 | Build | Palisade Wall |
| 5:38 | Build | Palisade Wall |
| 5:41 | Create | Villager (Male) |
| 6:15 | Create | Villager (Male) |
| 6:15 | Create | Villager (Male) |
| 6:31 | Create | Villager (Male) |
| 6:39 | Build | Mill |
| 7:01 | Build | Palisade Wall |
| 7:09 | Create | Villager (Male) |
| 7:10 | Create | Villager (Male) |
| 7:14 | Build | Palisade Wall |
| 7:39 | Build | House |
| 7:47 | Create | Villager (Male) |
| 8:10 | Build | Palisade Wall |
| 8:11 | Build | Palisade Wall |
| 8:33 | Create | Villager (Male) |
| 8:41 | Build | House |
| 8:54 | Build | Palisade Wall |
| 8:59 | Create | Villager (Male) |
| 9:01 | Build | House |
| 9:09 | Build | Mining Camp |
| 9:23 | Create | Villager (Male) |
| 9:38 | Build | Palisade Wall |
| 9:46 | Research | Feudal Age |
| 9:51 | Build | Mining Camp |
| 10:18 | Build | Palisade Wall |
| 10:22 | Build | Palisade Wall |
| 10:37 | Create | Villager (Male) |
| 10:51 | Build | House |
| 11:00 | Build | Palisade Wall |
| 11:05 | Build | Palisade Wall |
| 11:29 | Build | Palisade Wall |
| 11:33 | Build | Palisade Wall |
| 11:34 | Build | Palisade Wall |
| 11:35 | Build | Palisade Wall |
| 11:36 | Build | Palisade Wall |
| 11:43 | Build | Palisade Wall |
| 12:09 | Build | Palisade Wall |
| 12:10 | Build | Palisade Wall |
| 12:13 | Age | Feudal Age |
| 12:14 | Build | Watch Tower |
| 12:17 | Build | Palisade Wall |
| 12:24 | Research | Double-Bit Axe |
| 12:25 | Research | Double-Bit Axe |
| 12:26 | Create | Villager (Male) |
| 12:42 | Build | Stone Wall |
| 12:47 | Build | Stone Wall |
| 12:49 | Build | Stone Wall |
| 12:52 | Build | Watch Tower |
| 13:09 | Build | Stone Wall |
| 13:10 | Build | Stone Wall |
| 13:11 | Build | Stone Wall |
| 13:12 | Create | Villager (Male) |
| 13:13 | Create | Villager (Male) |
| 13:26 | Build | House |
| 13:39 | Build | Stone Wall |
| 13:47 | Build | House |
| 13:51 | Research | Wheelbarrow |
| 13:52 | Research | Wheelbarrow |
| 14:07 | Build | House |
| 14:14 | Build | Stone Wall |
| 14:32 | Create | Villager (Male) |
| 14:33 | Create | Villager (Male) |
| 14:33 | Create | Villager (Male) |
| 15:18 | Build | Lumber Camp |
| 15:48 | Build | Watch Tower |
| 15:58 | Create | Villager (Male) |
| 16:32 | Create | Villager (Male) |
| 16:47 | Build | Watch Tower |
| 16:54 | Create | Villager (Male) |
| 16:58 | Build | Blacksmith |
| 17:12 | Build | Gate |
| 17:21 | Build | Stone Wall |
| 17:24 | Create | Villager (Male) |
| 17:27 | Build | Market |
| 17:41 | Build | Stone Wall |
| 17:42 | Build | Stone Wall |
| 17:42 | Build | Stone Wall |
| 18:16 | Create | Villager (Male) |
| 18:33 | Research | Castle Age |
| 18:33 | Research | Castle Age |
| 18:48 | Build | Gate |
| 19:03 | Build | Stone Wall |
| 19:09 | Build | Stone Wall |
| 19:10 | Build | Stone Wall |
| 19:11 | Build | Stone Wall |
| 19:22 | Build | Stone Wall |
| 19:23 | Build | Stone Wall |
| 19:24 | Build | Stone Wall |
| 19:36 | Build | Farm |
| 19:37 | Build | Farm |
| 19:38 | Build | Farm |
| 19:44 | Research | Horse Collar |
| 19:45 | Research | Horse Collar |
| 19:51 | Build | Stone Wall |
| 19:52 | Build | Stone Wall |
| 19:53 | Build | Stone Wall |
| 19:56 | Build | Stone Wall |
| 20:09 | Build | Stone Wall |
| 20:16 | Build | Stone Wall |
| 20:22 | Build | House |
| 20:43 | Build | House |
| 21:01 | Build | Stone Wall |
| 21:04 | Build | Stone Wall |
| 21:07 | Create | Villager (Male) |
| 21:21 | Age | Castle Age |
| 21:24 | Build | Siege Workshop |
| 21:26 | Create | Villager (Male) |
| 21:31 | Research | Bow Saw |
| 21:32 | Research | Bow Saw |
| 21:46 | Create | Mangonel |
| 21:46 | Create | Mangonel |
| 21:51 | Build | Stone Wall |
| 21:56 | Create | Villager (Male) |
| 22:07 | Build | Town Center |
| 22:25 | Build | Stone Wall |
| 22:26 | Build | Stone Wall |
| 23:04 | Build | Town Center |
| 23:08 | Build | Barracks |
| 23:10 | Create | Mangonel |
| 23:10 | Create | Mangonel |
| 23:13 | Create | Villager (Male) |
| 23:13 | Create | Villager (Male) |
| 23:15 | Create | Villager (Male) |
Build order — Simplemente Amate
First 150 of 338 actions detected
| 0:02 | Create | Villager (Male) |
| 0:02 | Create | Villager (Male) |
| 0:02 | Create | Villager (Male) |
| 0:04 | Build | House |
| 0:06 | Build | House |
| 0:19 | Create | Villager (Male) |
| 0:19 | Create | Villager (Male) |
| 0:20 | Create | Villager (Male) |
| 1:25 | Create | Villager (Male) |
| 1:25 | Create | Villager (Male) |
| 1:25 | Create | Villager (Male) |
| 1:42 | Research | Loom |
| 1:55 | Create | Villager (Male) |
| 1:55 | Create | Villager (Male) |
| 2:10 | Build | Lumber Camp |
| 2:16 | Build | Lumber Camp |
| 2:23 | Create | Villager (Male) |
| 2:23 | Create | Villager (Male) |
| 2:23 | Create | Villager (Male) |
| 2:41 | Create | Villager (Male) |
| 2:41 | Create | Villager (Male) |
| 3:08 | Create | Villager (Male) |
| 3:08 | Create | Villager (Male) |
| 3:22 | Create | Villager (Male) |
| 3:22 | Create | Villager (Male) |
| 3:22 | Create | Villager (Male) |
| 3:53 | Create | Villager (Male) |
| 3:53 | Create | Villager (Male) |
| 4:05 | Build | House |
| 4:10 | Create | Villager (Male) |
| 4:11 | Create | Villager (Male) |
| 4:33 | Create | Villager (Male) |
| 4:33 | Create | Villager (Male) |
| 4:33 | Create | Villager (Male) |
| 5:07 | Create | Villager (Male) |
| 5:07 | Create | Villager (Male) |
| 5:08 | Create | Villager (Male) |
| 5:08 | Create | Villager (Male) |
| 6:08 | Build | Barracks |
| 6:40 | Build | House |
| 6:51 | Create | Militia |
| 6:55 | Research | Feudal Age |
| 7:24 | Create | Militia |
| 7:25 | Create | Militia |
| 7:45 | Build | House |
| 8:02 | Build | Mining Camp |
| 8:26 | Create | Militia |
| 8:26 | Create | Militia |
| 8:39 | Build | House |
| 9:05 | Age | Feudal Age |
| 9:20 | Research | Man-at-Arms (upgrade) |
| 9:20 | Create | Villager (Male) |
| 9:20 | Create | Villager (Male) |
| 9:21 | Create | Villager (Male) |
| 9:24 | Create | Militia |
| 9:24 | Create | Militia |
| 9:28 | Build | Watch Tower |
| 10:00 | Build | Watch Tower |
| 10:06 | Create | Militia |
| 10:07 | Create | Villager (Male) |
| 10:07 | Create | Villager (Male) |
| 10:13 | Build | Mill |
| 10:31 | Create | Militia |
| 10:32 | Create | Militia |
| 10:42 | Create | Villager (Male) |
| 10:44 | Build | Mining Camp |
| 11:10 | Create | Villager (Male) |
| 11:30 | Create | Villager (Male) |
| 11:31 | Create | Villager (Male) |
| 11:34 | Build | House |
| 12:06 | Create | Villager (Male) |
| 12:07 | Create | Villager (Male) |
| 12:15 | Build | Watch Tower |
| 12:53 | Build | Watch Tower |
| 12:59 | Create | Villager (Male) |
| 12:59 | Create | Villager (Male) |
| 12:59 | Create | Villager (Male) |
| 14:16 | Create | Villager (Male) |
| 14:21 | Build | Dock |
| 14:27 | Create | Villager (Male) |
| 14:44 | Create | Villager (Male) |
| 15:02 | Build | Watch Tower |
| 15:30 | Create | Villager (Male) |
| 15:30 | Create | Villager (Male) |
| 15:36 | Build | House |
| 15:38 | Create | Fishing Ship |
| 15:38 | Create | Fishing Ship |
| 15:54 | Build | House |
| 16:24 | Build | House |
| 17:09 | Build | Watch Tower |
| 17:18 | Create | Villager (Male) |
| 17:18 | Create | Villager (Male) |
| 17:19 | Create | Villager (Male) |
| 17:21 | Create | Fishing Ship |
| 17:22 | Create | Fishing Ship |
| 17:22 | Create | Fishing Ship |
| 17:58 | Create | Villager (Male) |
| 17:58 | Create | Villager (Male) |
| 17:58 | Create | Villager (Male) |
| 18:11 | Create | Villager (Male) |
| 18:11 | Create | Villager (Male) |
| 18:15 | Create | Fishing Ship |
| 18:15 | Create | Fishing Ship |
| 18:29 | Build | House |
| 18:47 | Create | Villager (Male) |
| 18:48 | Create | Villager (Male) |
| 18:48 | Create | Villager (Male) |
| 18:48 | Create | Villager (Male) |
| 19:13 | Research | Double-Bit Axe |
| 19:16 | Create | Villager (Male) |
| 19:16 | Create | Villager (Male) |
| 20:01 | Build | Palisade Wall |
| 20:04 | Create | Villager (Male) |
| 20:05 | Create | Villager (Male) |
| 20:07 | Create | Fishing Ship |
| 20:07 | Create | Fishing Ship |
| 20:23 | Build | Watch Tower |
| 20:34 | Create | Villager (Male) |
| 20:34 | Create | Villager (Male) |
| 20:38 | Build | House |
| 20:42 | Build | Farm |
| 21:08 | Build | House |
| 21:11 | Research | Horse Collar |
| 21:11 | Research | Horse Collar |
| 21:19 | Build | Farm |
| 21:23 | Build | Fish Trap |
| 21:57 | Build | Lumber Camp |
| 21:58 | Create | Villager (Male) |
| 21:58 | Create | Villager (Male) |
| 22:12 | Build | Watch Tower |
| 22:27 | Create | Villager (Male) |
| 22:29 | Build | Farm |
| 22:29 | Build | Farm |
| 22:38 | Build | House |
| 23:01 | Research | Wheelbarrow |
| 23:01 | Research | Wheelbarrow |
| 23:23 | Build | Farm |
| 23:24 | Build | Farm |
| 23:25 | Create | Villager (Male) |
| 23:28 | Build | Market |
| 23:31 | Create | Villager (Male) |
| 23:56 | Build | Farm |
| 23:57 | Create | Villager (Male) |
| 24:14 | Build | House |
| 24:25 | Create | Villager (Male) |
| 24:32 | Build | Fish Trap |
| 24:43 | Build | Dock |
| 25:00 | Build | Lumber Camp |
| 25:06 | Build | Lumber Camp |
| 25:12 | Create | Villager (Male) |
Match timeline
| 1:29 | Ren · wall_segment Palisade Wall x3 |
| 1:42 | Ren · wall_segment Palisade Wall x8 |
| 1:50 | Tiekel · wall_segment Palisade Wall x6 |
| 2:39 | Tiekel · wall_segment Palisade Wall x2 |
| 3:06 | Ren · wall_segment Palisade Wall x1 |
| 3:19 | Tiekel · wall_segment Palisade Wall x6 |
| 3:40 | Idonttalk · first_building Dock |
| 4:28 | T-1000 · first_building Dock |
| 4:38 | Tiekel · wall_segment Palisade Wall x1 |
| 5:01 | Ren · wall_segment Palisade Wall x1 |
| 5:16 | Tiekel · wall_segment Palisade Wall x5 |
| 5:19 | Player59701729 · first_building Barracks |
| 5:37 | Ren · wall_segment Palisade Wall x7 |
| 5:38 | Ren · wall_segment Palisade Wall x2 |
| 6:08 | Simplemente Amate · first_building Barracks |
| 6:39 | Tiekel · wall_segment Palisade Wall x3 |
| 6:40 | Tiekel · wall_segment Palisade Wall x1 |
| 7:01 | Ren · wall_segment Palisade Wall x9 |
| 7:14 | Ren · wall_segment Palisade Wall x4 |
| 8:10 | Ren · wall_segment Palisade Wall x5 |
| 8:11 | Ren · wall_segment Palisade Wall x1 |
| 8:31 | Player59701729 · first_building Archery Range |
| 8:38 | Tiekel · wall_segment Palisade Wall x3 |
| 8:40 | Tiekel · wall_segment Palisade Wall x3 |
| 8:54 | Ren · wall_segment Palisade Wall x3 |
| 9:05 | Simplemente Amate · age_up feudal |
| 9:38 | Ren · wall_segment Palisade Wall x10 |
| 9:49 | Tiekel · wall_segment Palisade Wall x3 |
| 9:52 | Tiekel · wall_segment Palisade Wall x1 |
| 10:18 | Ren · wall_segment Palisade Wall x5 |
| 10:22 | Ren · wall_segment Palisade Wall x4 |
| 10:44 | tukoo · age_up feudal |
| 10:46 | Idonttalk · age_up feudal |
| 10:58 | Tiekel · age_up feudal |
| 11:00 | Ren · wall_segment Palisade Wall x2 |
| 11:05 | Ren · wall_segment Palisade Wall x6 |
| 11:24 | Tiekel · wall_segment Stone Wall x6 |
| 11:28 | T-1000 · age_up feudal |
| 11:29 | Ren · wall_segment Palisade Wall x1 |
| 11:33 | Ren · wall_segment Palisade Wall x1 |
| 11:34 | Ren · wall_segment Palisade Wall x1 |
| 11:35 | Ren · wall_segment Palisade Wall x1 |
| 11:36 | Ren · wall_segment Palisade Wall x1 |
| 11:43 | Ren · wall_segment Palisade Wall x4 |
| 11:50 | L_Clan_TyRanT_Zukkutun · age_up feudal |
| 12:09 | tukoo · first_building Barracks |
| 12:09 | Ren · wall_segment Palisade Wall x1 |
| 12:10 | Ren · wall_segment Palisade Wall x1 |
| 12:13 | Ren · age_up feudal |
| 12:17 | Ren · wall_segment Palisade Wall x1 |
| 12:22 | Tiekel · first_building Dock |
| 12:34 | Tiekel · wall_segment Stone Wall x4 |
| 12:42 | Ren · wall_segment Stone Wall x1 |
| 12:43 | Player59701729 · wall_segment Palisade Wall x10 |
| 12:43 | Tiekel · wall_segment Stone Wall x2 |
| 12:45 | Tiekel · wall_segment Stone Wall x6 |
| 12:47 | Ren · wall_segment Stone Wall x2 |
| 12:49 | Ren · wall_segment Stone Wall x4 |
| 13:09 | Ren · wall_segment Stone Wall x1 |
| 13:10 | Ren · wall_segment Stone Wall x1 |
| 13:11 | Ren · wall_segment Stone Wall x1 |
| 13:39 | Ren · wall_segment Stone Wall x1 |
| 13:48 | Player59701729 · wall_segment Palisade Wall x10 |
| 14:14 | Ren · wall_segment Stone Wall x1 |
| 14:17 | Player59701729 · first_market_sell 100 stone |
| 14:19 | Player59701729 · first_market_buy 100 food |
| 14:21 | Simplemente Amate · first_building Dock |
| 14:31 | L_Clan_TyRanT_Zukkutun · first_market_buy 100 stone |
| 15:00 | T-1000 · age_up castle |
| 15:11 | tukoo · age_up castle |
| 15:28 | Tiekel · wall_segment Stone Wall x4 |
| 15:36 | Tiekel · wall_segment Stone Wall x7 |
| 15:45 | L_Clan_TyRanT_Zukkutun · age_up castle |
| 16:28 | Idonttalk · age_up castle |
| 16:36 | Idonttalk · first_building Siege Workshop |
| 17:21 | Ren · wall_segment Stone Wall x1 |
| 17:25 | tukoo · first_building Monastery |
| 17:26 | Idonttalk · first_market_buy 100 wood |
| 17:30 | Player59701729 · first_building Siege Workshop |
| 17:41 | Ren · wall_segment Stone Wall x1 |
| 17:42 | Ren · wall_segment Stone Wall x1 |
| 17:42 | Ren · wall_segment Stone Wall x1 |
| 18:18 | Ren · first_market_buy 100 food |
| 18:21 | Tiekel · wall_segment Stone Wall x10 |
| 18:28 | Ren · first_market_sell 100 wood |
| 18:28 | Tiekel · wall_segment Stone Wall x6 |
| 18:31 | Idonttalk · first_market_sell 100 food |
| 18:50 | Tiekel · first_market_sell 100 wood |
| 18:51 | Tiekel · first_market_buy 100 food |
| 19:03 | Ren · wall_segment Stone Wall x7 |
| 19:04 | T-1000 · first_building Siege Workshop |
| 19:09 | Ren · wall_segment Stone Wall x1 |
| 19:10 | Ren · wall_segment Stone Wall x1 |
| 19:11 | Ren · wall_segment Stone Wall x1 |
| 19:22 | Ren · wall_segment Stone Wall x2 |
| 19:23 | Ren · wall_segment Stone Wall x3 |
| 19:24 | Ren · wall_segment Stone Wall x3 |
| 19:29 | Player59701729 · first_building Monastery |
| 19:29 | Tiekel · wall_segment Stone Wall x4 |
| 19:35 | Tiekel · wall_segment Stone Wall x4 |
| 19:51 | Ren · wall_segment Stone Wall x1 |
| 19:52 | Ren · wall_segment Stone Wall x1 |
| 19:52 | T-1000 · first_building Monastery |
| 19:53 | Ren · wall_segment Stone Wall x1 |
| 19:56 | Ren · wall_segment Stone Wall x5 |
| 20:01 | Simplemente Amate · wall_segment Palisade Wall x25 |
| 20:09 | Ren · wall_segment Stone Wall x1 |
| 20:16 | Ren · wall_segment Stone Wall x1 |
| 20:50 | L_Clan_TyRanT_Zukkutun · first_building Siege Workshop |
| 21:01 | Ren · wall_segment Stone Wall x3 |
| 21:04 | Ren · wall_segment Stone Wall x3 |
| 21:21 | Ren · age_up castle |
| 21:24 | Ren · first_building Siege Workshop |
| 21:51 | Ren · wall_segment Stone Wall x4 |
| 22:25 | Ren · wall_segment Stone Wall x1 |
| 22:26 | Ren · wall_segment Stone Wall x1 |
| 22:26 | Tiekel · age_up castle |
| 23:08 | Ren · first_building Barracks |
| 23:35 | tukoo · first_building Stable |
| 23:47 | Ren · first_building Stable |
| 23:51 | Tiekel · first_building Castle |
| 25:09 | T-1000 · first_market_sell 100 wood |
| 25:14 | Simplemente Amate · first_market_buy 100 food |
| 25:34 | Idonttalk · first_building Monastery |
| 25:45 | tukoo · first_building Castle |
| 26:00 | Simplemente Amate · first_market_sell 100 stone |
| 26:09 | L_Clan_TyRanT_Zukkutun · first_building Castle |
| 26:14 | tukoo · first_building Siege Workshop |
| 26:54 | L_Clan_TyRanT_Zukkutun · first_market_sell 500 wood |
| 27:22 | Ren · first_building Monastery |
| 27:30 | L_Clan_TyRanT_Zukkutun · first_building Barracks |
| 27:42 | Ren · first_building Castle |
| 28:25 | Ren · first_building Dock |
| 28:45 | Tiekel · wall_segment Stone Wall x4 |
| 28:49 | Ren · wall_segment Stone Wall x1 |
| 29:03 | T-1000 · first_building Castle |
| 29:06 | tukoo · age_up imperial |
| 29:07 | T-1000 · age_up imperial |
| 29:13 | tukoo · first_market_sell 500 wood |
| 29:26 | Idonttalk · first_building Barracks |
| 30:17 | T-1000 · first_building Barracks |
| 30:17 | Idonttalk · first_building Stable |
| 30:22 | L_Clan_TyRanT_Zukkutun · age_up imperial |
| 30:34 | Simplemente Amate · age_up castle |
| 30:38 | Simplemente Amate · first_building Siege Workshop |
| 30:48 | Player59701729 · first_building Castle |
| 30:52 | Idonttalk · first_building Castle |
| 31:02 | Simplemente Amate · wall_segment Palisade Wall x1 |
| 31:03 | Simplemente Amate · wall_segment Palisade Wall x3 |
| 31:21 | Idonttalk · age_up imperial |
| 31:54 | Simplemente Amate · wall_segment Palisade Wall x6 |
| 32:55 | T-1000 · wall_segment Stone Wall x1 |
| 33:01 | T-1000 · wall_segment Stone Wall x2 |
| 34:03 | Tiekel · age_up imperial |
| 34:30 | tukoo · first_building Archery Range |
| 34:58 | Tiekel · resign |
| 35:18 | Ren · age_up imperial |
| 35:44 | Simplemente Amate · first_building Monastery |
| 36:03 | T-1000 · first_market_buy 100 wood |
| 38:14 | Simplemente Amate · wall_segment Palisade Wall x1 |
| 38:29 | Simplemente Amate · wall_segment Palisade Wall x1 |
| 39:48 | Simplemente Amate · wall_segment Palisade Wall x1 |
| 39:49 | Simplemente Amate · wall_segment Palisade Wall x1 |
| 39:58 | Simplemente Amate · age_up imperial |
[ AI ANALYSIS · 1 CREDIT ]
What really happened in this match?
Wolo.gg analyzes every decision: build order, eco, micro, common mistakes by bracket. Personalized analysis on WhatsApp or Discord in 30 seconds.
Civ guide
Britons
Perfil
Tiekel